 Dungeon Sprint DCSS version 0.28.0-43-g3370ac3207 (webtiles) character file.

Game seed: 15353184017998528253

2012 Groucho the Unseen (level 9, -4/45 HPs)
             Began as a Spriggan Enchanter on Mar 27, 2022.
             Shot with a bolt by a yaktaur (40 damage)
             ... in the Dungeon (Sprint II: "The Violet Keep of Menkaure").
             The game lasted 00:05:30 (597 turns).

Groucho the Unseen (Spriggan Enchanter)              Turns: 597, Time: 00:05:31

Health: -4/45      AC:  3    Str:  8    XL:     9   Next: 2%
Magic:  17/26      EV: 21    Int: 16    God:
Gold:   126        SH:  0    Dex: 16    Spells: 21/32 levels left

rFire   . . .      SeeInvis +   a - +1 dagger
rCold   . . .      Faith    .   (no shield)
rNeg    . . .      Spirit   .   b - +0 robe
rPois   .          Reflect  .   e - +1 hat {SInv}
rElec   .          Harm     .   (no cloak)
rCorr   .          Rampage  .   (gloves unavailable)
Will    +....      NoTele   +   (boots unavailable)
Stlth   ++++......              (no amulet)
HPRegen 0.15/turn               (no ring)
MPRegen 0.20/turn               (no ring)

@: confusing by touch, slow
A: very small, no large weapons, unfitting armour, see invisible, speed 3
a: no special abilities


You were in the Dungeon.
You visited 1 branch You collected 972 gold pieces.
You spent 846 gold pieces at shops.

Inventory:

Hand Weapons
 a - a +1 dagger (weapon)
Armour
 b - a +0 robe (worn)
 e - a +1 hat of see invisible (worn)
Jewellery
 c - the ring of Ineb Dim {+Blink Fly rF- EV+4 Dex+7}
   (You bought it in a shop in the Dungeon)

   [ring of evasion]

   EV:        It affects your evasion (+4).
   Dex:       It affects your dexterity (+7).
   rF:        It makes you vulnerable to fire.
   Fly:       It grants you flight.
   +Blink:    It lets you blink.
Scrolls
 i - a scroll of blinking
Potions
 d - a potion of curing
 g - 2 potions of magic
 h - a potion of berserk rage


   Skills:
 + Level 4.1 Fighting
 + Level 5.6 Short Blades
 + Level 7.2 Dodging
 - Level 18.4 Stealth
 + Level 12.1 Spellcasting
 + Level 12.3 Hexes


You had 21 spell levels left.
You knew the following spells:

 Your Spells              Type           Power      Damage    Failure   Level
a - Ensorcelled Hibernat  Hex/Ice        58%        N/A       1%          2
b - Confusing Touch       Hex            49%        N/A       1%          3
c - Dazzling Flash        Conj/Hex       58%        N/A       1%          3
d - Tukima's Dance        Hex            49%        N/A       1%          3

Your spell library contained the following spells:

 Spells                   Type           Power      Damage    Failure   Level


Dungeon Overview and Level Annotations

Branches:
Dungeon (1/1)

Altars:
Cheibriados
Dithmenos
Elyvilon
Hepliaklqana
Kikubaaqudgha
Makhleb
Qazlal
Ru
Sif Muna
Trog
Uskayaw
Vehumet
Wu Jian
Xom
Yredelemnul
Zin
The Shining One
Beogh
Jiyva
Lugonu

Shops:
D =:(*?(:![!![=[:

Annotations:
D exclusion: oklob plant


Innate Abilities, Weirdness & Mutations

You are very small and have problems with some larger weapons.
You are too small for most types of armour.
You have supernaturally acute eyesight. (SInv)
You cover ground extremely quickly. (Speed+++)


Message History

You catch the helpless polar bear completely off-guard!
You impale the polar bear!!
You kill the polar bear!
Your Short Blades skill increases to level 5!
Your Hexes skill increases to level 12!
Unknown command.
The polar bear completely misses you. The polar bear misses you.
The polar bear completely misses you. The polar bear misses you.
The polar bear closely misses you. x2
Casting: Confusing Touch (safe; 1% risk of failure)
Confirm with . or Enter, or press ? or * to list all spells.
Your hands begin to glow red.
You hit the polar bear but do no damage.
The polar bear appears confused.
The polar bear is moderately wounded.
The polar bear bites something but does no damage.
The polar bear barely misses something.
The polar bear claws something but does no damage.
You hear an angry growl.
You catch the helpless polar bear completely off-guard!
You skewer the polar bear like a kebab!!!
You kill the polar bear!
Your Fighting skill increases to level 4!
Your Dodging skill increases to level 7!
Your Spellcasting skill increases to level 12!
You have reached level 9!
Your experience leads to an increase in your attributes!
Increase (S)trength, (I)ntelligence, or (D)exterity?
You feel stronger. x2
Unknown command.
Unknown command.
Casting: Confusing Touch (safe; 1% risk of failure)
Confirm with . or Enter, or press ? or * to list all spells.
Your hands begin to glow red.
The yaktaur misses you.
You enter the shallow water.
Moving in this stuff is going to be slow.
The yaktaur wields a +0 arbalest.
The yaktaur shoots a bolt.
The bolt hits you!!!
Ouch! That really hurt!
You die...

#+##.. ...##.#### +.###
.#).# ...# ...####
...####..## #..##$#
#'###.##..# +..#..#
#.##.#.#..# #..#.y#
†<.'###'..####.^##c# :
#.##.#.#....###.^.##▓▓▓▓
#'###.##......§≈@≈≈≈≈≈≈≈≈
.#.####≈≈....§≈#'########
†#..#≈≈≈≈≈≈≈.§§#.._._._.#
...##≈≈≈≈§§§≈.≈#._._._..#
#+##≈≈≈§§≈≈≈≈≈≈#_._._._.#
≈≈≈§§§≈≈≈§§≈≈≈≈#._._._._#
§#§§'#≈≈≈≈≈≈≈≈≈#.._._._.#
§S§§§##≈§≈###≈≈#..._._._
§§≈§≈§


You could see a yaktaur and a hornet.

Vanquished Creatures
  A merfolk siren (D)
  2 polar bears (D)
  2 wyverns (D)
  3 neqoxecs (D)
  2 water moccasins (D)
  4 necrophages (D)
  A scorpion (D)
15 creatures vanquished.

Vanquished Creatures (others)
  Menkaure (D)
1 creature vanquished.

Grand Total: 16 creatures vanquished

Notes
Turn   | Place    | Note
-------+----------+-------------------------------------------
     0 | D        | Groucho the Spriggan Enchanter began the quest for the Orb.
     0 | D        | Reached XP level 1. HP: 9/9 MP: 5/5
     3 | D        | Noticed a neqoxec
    13 | D        | Killed a neqoxec
    14 | D        | Reached skill level 11 in Stealth
    14 | D        | Reached XP level 2. HP: 13/13 MP: 6/10
    14 | D        | Reached XP level 3. HP: 16/16 MP: 6/11
    14 | D        | Reached XP level 4. HP: 21/21 MP: 7/13
    14 | D        | Found Viuv's Antique Armour Boutique.
    14 | D        | Noticed a neqoxec
    14 | D        | Noticed a neqoxec
    16 | D        | Killed a neqoxec
    16 | D        | Noticed a neqoxec
    17 | D        | Reached skill level 13 in Stealth
    17 | D        | Reached XP level 5. HP: 24/24 MP: 8/16
    17 | D        | Found Siatsesm's Antique Armour Boutique.
    17 | D        | Found Nehuoha's Distillery.
    27 | D        | Killed a neqoxec
    28 | D        | Reached skill level 15 in Stealth
    28 | D        | Reached XP level 6. HP: 16/28 MP: 9/18
    31 | D        | Found Ataikk's Book Shop.
    31 | D        | Found Lozuefank's Distillery.
    31 | D        | Found Vun Moh's Armour Boutique.
    31 | D        | Found Goweneev's Distillery.
    31 | D        | Found Yrosk's Book Boutique.
    33 | D        | Found Ozxocazo's Jewellery Shop.
    33 | D        | Found Ycomuetuwo's Antique Weapon Boutique.
    33 | D        | Found Joupn's Magic Scroll Shop.
    33 | D        | Noticed a water moccasin
    33 | D        | Noticed a fire dragon
    42 | D        | Noticed a merfolk siren
    45 | D        | Killed a merfolk siren
    46 | D        | Reached skill level 17 in Stealth
    46 | D        | Reached skill level 10 in Spellcasting
    46 | D        | Reached skill level 10 in Hexes
    46 | D        | Reached XP level 7. HP: 20/32 MP: 10/21
    49 | D        | Noticed a wyvern
    49 | D        | Noticed a wyvern
    52 | D        | Killed a wyvern
    53 | D        | Reached skill level 18 in Stealth
    57 | D        | Killed a wyvern
    58 | D        | Reached skill level 1 in Fighting
    78 | D        | Learned a level 2 spell: Ensorcelled Hibernation
    82 | D        | Noticed Menkaure
    99 | D        | Learned a level 3 spell: Confusing Touch
   103 | D        | Reached XP level 8. HP: 10/37 MP: 14/23
   179 | D        | Killed Menkaure
   357 | D        | Found Rutesose's Assorted Antiques.
   357 | D        | Found Nugorec's Antique Weapon Shop.
   357 | D        | Noticed an oklob plant
   358 | D        | Found Serphyh's Book Shoppe.
   358 | D        | Found Sinewnuk's Jewellery Boutique.
   378 | D        | Reached skill level 5 in Dodging
   443 | D        | Learned a level 3 spell: Dazzling Flash
   447 | D        | Learned a level 3 spell: Tukima's Dance
   495 | D        | Noticed a great orb of eyes
   517 | D        | Bought the ring of Ineb Dim {+Blink Fly rF- EV+4 Dex+7} for
                  | 657 gold pieces
   533 | D        | Bought a glowing hat for 189 gold pieces
   573 | D        | Found a hazy altar of Hepliaklqana.
   573 | D        | Found a snail-covered altar of Cheibriados.
   574 | D        | Found a stormy altar of Qazlal.
   574 | D        | Found a viscous altar of Jiyva.
   574 | D        | Found a shadowy altar of Dithmenos.
   575 | D        | Found a sacrificial altar of Ru.
   575 | D        | Found an ancient bone altar of Kikubaaqudgha.
   575 | D        | Found a white marble altar of Elyvilon.
   576 | D        | Found an ornate altar of the Wu Jian Council.
   576 | D        | Found a shimmering blue altar of Sif Muna.
   576 | D        | Found a corrupted altar of Lugonu.
   577 | D        | Found a shimmering altar of Xom.
   577 | D        | Found a bloodstained altar of Trog.
   577 | D        | Found a burning altar of Makhleb.
   578 | D        | Found a glowing golden altar of the Shining One.
   578 | D        | Found a basalt altar of Yredelemnul.
   578 | D        | Found a hide-covered altar of Uskayaw.
   579 | D        | Found a glowing silver altar of Zin.
   579 | D        | Found a radiant altar of Vehumet.
   579 | D        | Noticed a polar bear
   580 | D        | Noticed a yaktaur
   580 | D        | Noticed a hornet
   581 | D        | Noticed a polar bear
   581 | D        | Noticed a polar bear
   590 | D        | Killed a polar bear
   591 | D        | Reached skill level 5 in Short Blades
   595 | D        | Killed a polar bear
   596 | D        | Reached XP level 9. HP: 36/45 MP: 19/26
   597 | D        | Shot with a bolt by a yaktaur

Illustrated notes

Levels and vault maps discovered:
D:        the_violet_keep_of_menkaure [sprint2_stairs_cluster_1,
          sprint2_shoproom, sprint2_temple, sprint2_basic_supplies,
          sprint2_obstacle_5, sprint2_obstacle_4, sprint2_obstacle_1,
          sprint2_obstacle_2, sprint2_obstacle_7, sprint2_timed_cluster_1,
          sprint2_smallroom_cluster_1, sprint2_smallroom_final_cluster_1,
          sprint2_transparent_cluster_1, sprint2_second_timed_cluster_1,
          sprint2_sniper_area_1, sprint2_heavy_combat_area_1,
          sprint2_mutation_trap_area_1, sprint2_forest_area_1,
          sprint2_light_combat_area_1, sprint2_behind_water_1,
          sprint2_near_end_vault_1]

Skill      XL: |  1  2  3  4  5  6  7  8 |
---------------+-------------------------+-----
Stealth        | 11 13 15 17 18 | 18.4
Spellcasting   | 6 7 8 10 12 | 12.1
Hexes          | 6 8 9 10 11 12 | 12.3
Fighting       | 1 4 |  4.1
Short Blades   | 2 5 |  5.6
Dodging        | 4 7 |  7.2

Action                   |  1- 3 |  4- 6 |  7- 9 || total
-------------------------+-------+-------+-------++-------
Melee: Dagger            |     8 |    17 |    46 ||    71
 Cast: Confusing Touch   |       |       |     7 ||     7
       Ensorcelled Hiber |       |       |     4 ||     4
  Use: Potion            |     2 |       |     1 ||     3
 Stab: Invisible         |     2 |     4 |       ||     6
       Sleeping          |     1 |     1 |     5 ||     7
       Confused          |       |       |     7 ||     7
Armor: Robe              |       |       |     1 ||     1
Dodge: Dodged            |     4 |     8 |    31 ||    43
